[Event "World Junior U20 Open 2018"]
[Site "Gebze"]
[Date "2018.09.13"]
[Round "9.33"]
[White "Garayev, Kanan"]
[Black "Pang, Tao"]
[Result "0-1"]
[ECO "D61"]
[WhiteElo "2404"]
[BlackElo "2290"]
[Annotator "NA"]
[PlyCount "86"]
[EventDate "2018.09.05"]
[EventType "swiss"]
[EventCountry "TUR"]
[SourceTitle "playchess.com"]
[Source "ChessBase"]
[SourceQuality "1"]
[TimeControl "40/5400+30:1800+30"]

1. d4 d5 2. c4 e6 3. Nc3 Nf6 4. Nf3 Be7 5. Bg5 O-O 6. e3 Nbd7 7. Qc2 c6 8. Rd1 b6 9. Bd3 h6 {[%emt 0:03:30] LiveBook: 9 Games D61: Damengambit (Hauptvariante mit 7.Dc2)} 10. Bf4 Ba6 11. Qe2 Bxc4 12. Bxc4 dxc4 13. Qxc4 {[%emt 0:01:30] [#]} Qc8 $146 ({Vorgänger:} 13... Nd5 14. Bg3 N7f6 15. Ne5 Bb4 16. Qd3 Rc8 17. O-O Nh5 18. Ne4 Be7 19. a3 Ndf6 20. Nxf6+ Bxf6 21. Qe4 Qd5 22. Qxd5 {½-½ (22) Mchedlishvili,M (2619)-Prohaszka,P (2512) Budva 2009}) 14. e4 Qb7 15. O-O b5 16. Qb3 b4 17. e5 Nd5 18. Nxd5 cxd5 19. Qe3 Kh7 20. Qd3+ Kh8 21. h4 Rfc8 22. g4 Nf8 23. Kh1 Qc6 24. Rd2 Qc4 25. Qb1 b3 26. a3 Qa4 27. h5 Rc2 28. Rg1 Nh7 29. Qd1 (29. Qe1 $142) 29... Rac8 30. Ne1 Rxd2 31. Qxd2 Bg5 32. Be3 $17 Bxe3 33. Qxe3 Ng5 34. f4 Ne4 35. g5 Qc4 36. gxh6 gxh6 37. Nf3 Qc2 38. Rg2 Qb1+ 39. Kh2 Rc1 40. Kh3 Rh1+ 41. Kg4 f5+ 42. exf6 Nxf6+ 43. Kg3 Nxh5+ 0-1

[Event "World Junior U20 Open 2018"]
[Site "Gebze"]
[Date "2018.09.13"]
[Round "9.34"]
[White "Ozen, Bahadir"]
[Black "Macovei, Andrei"]
[Result "1/2-1/2"]
[ECO "E43"]
[WhiteElo "2326"]
[BlackElo "2385"]
[Annotator "NA"]
[PlyCount "108"]
[EventDate "2018.09.05"]
[EventType "swiss"]
[EventCountry "TUR"]
[SourceTitle "playchess.com"]
[Source "ChessBase"]
[SourceQuality "1"]
[TimeControl "40/5400+30:1800+30"]

1. d4 Nf6 2. c4 e6 3. Nc3 Bb4 4. e3 O-O 5. Bd3 c5 6. Nf3 b6 7. O-O Bxc3 8. bxc3 Bb7 9. Nd2 Nc6 {[%emt 0:04:30] LiveBook: 27 Games E43: Nimzo-Indian: Rubinstein: 4...b6} 10. Bb2 (10. Re1 d6 11. f3 Rc8 12. Bb2 Ba6 13. Qe2 Qd7 14. e4 Na5 15. Rac1 e5 16. Nf1 Nh5 17. g3 {½-½ (53) Agdestein,S (2581)-Vitiugov,N (2734) Helsingor 2018}) 10... d6 11. e4 e5 12. d5 Ne7 13. g3 Bc8 14. Re1 Ng6 15. Nf1 Bh3 $146 ({Predecessor:} 15... h6 16. Ne3 Rb8 17. Bc1 Bd7 18. a4 {1-0 (37) Laliga,O (1957)-Klaus,E ICCF email 2014}) 16. Bc1 h6 17. Ne3 Qd7 18. a4 Kh8 19. a5 bxa5 20. Rxa5 Ng4 ({Lieber} 20... Qd8 $14 21. Qa4 Bd7) 21. Qa4 Qc7 22. Ra6 Nxe3 23. Bxe3 Bc8 24. Rc6 Qd8 25. Qa3 Ne7 26. Rxd6 Qxd6 27. Bxc5 Qg6 28. Bxe7 Re8 29. Bd6 Bh3 30. c5 Qg4 31. Qa4 Qf3 32. Bf1 Bxf1 33. Rxf1 Qxc3 34. c6 a5 35. Ba3 h5 36. h4 f5 37. Rc1 Qf3 38. Bc5 f4 39. Qd1 Qxe4 40. Qxh5+ Kg8 41. Rd1 fxg3 42. Qg5 gxf2+ 43. Bxf2 Rad8 44. Qg2 Qc2 45. Ra1 e4 46. Rxa5 Qd1+ 47. Kh2 Rxd5 48. Ra7 g5 49. Be3 Qf3 50. Qa2 Kh8 51. Qxd5 $11 Qe2+ 52. Kh1 Qf3+ 53. Kh2 Qe2+ 54. Kh1 Qf3+ 1/2-1/2

[Event "World Junior U20 Open 2018"]
[Site "Gebze"]
[Date "2018.09.13"]
[Round "9.35"]
[White "Gorshtein, Ido"]
[Black "Agibileg, Uurtsaikh"]
[Result "1-0"]
[ECO "B20"]
[WhiteElo "2383"]
[BlackElo "2321"]
[Annotator "NA"]
[PlyCount "93"]
[EventDate "2018.09.05"]
[EventType "swiss"]
[EventCountry "TUR"]
[SourceTitle "playchess.com"]
[Source "ChessBase"]
[SourceQuality "1"]
[TimeControl "40/5400+30:1800+30"]

1. e4 c5 2. Ne2 e5 3. Nbc3 Nf6 4. d3 h6 5. g3 d5 6. exd5 Nxd5 7. Bg2 Be6 8. O-O Nc6 9. f4 Nxc3 10. bxc3 Bd5 11. Bh3 c4 {[%emt 0:08:30] [#]} (11... Bd6 $142) 12. fxe5 $1 Nxe5 {[%emt 0:06:30] [#]} 13. Nf4 $1 Bc6 14. d4 Be7 15. Qe2 Nf3+ 16. Rxf3 Bxf3 17. Qxf3 O-O 18. Bd2 b6 19. Re1 Re8 20. Rf1 Bg5 21. Bg2 Rc8 22. h4 Bxf4 23. Bxf4 Qf6 24. Qg4 Qg6 25. Qxg6 fxg6 26. Bd5+ Kh7 27. Be5 Rf8 28. Rxf8 Rxf8 29. Bxc4 Rc8 30. Bd3 Rxc3 31. h5 Kg8 32. hxg6 b5 33. Bxb5 Rxc2 34. Be8 a5 35. a4 (35. Bf7+ $142 Kh8 36. Kf1) 35... Kh8 36. Kf1 h5 37. d5 Rc5 38. Bc6 Kg8 39. Ke2 Kh8 40. Kd3 h4 41. Kd4 Rc1 42. gxh4 Kg8 43. h5 Rh1 44. d6 Rh4+ 45. Kd5 Kf8 46. Ke6 Rc4 47. d7 1-0

[Event "World Junior U20 Open 2018"]
[Site "Gebze"]
[Date "2018.09.13"]
[Round "9.36"]
[White "Gunduz, Umut Erdem"]
[Black "Zou, Chen"]
[Result "0-1"]
[ECO "B55"]
[WhiteElo "2119"]
[BlackElo "2365"]
[Annotator "NA"]
[PlyCount "96"]
[EventDate "2018.09.05"]
[EventType "swiss"]
[EventCountry "TUR"]
[SourceTitle "playchess.com"]
[Source "ChessBase"]
[SourceQuality "1"]
[TimeControl "40/5400+30:1800+30"]

1. e4 c5 2. Nf3 d6 3. d4 cxd4 4. Nxd4 Nf6 5. f3 e5 6. Nb3 d5 7. Bg5 Be6 8. Bxf6 gxf6 9. exd5 Qxd5 10. Qxd5 Bxd5 11. Nc3 Be6 12. O-O-O {[%emt 0:07:30] B55: Sicilian: 2...d6 3 d4 cxd4 4 Nxd4 Nf6 5 f3} Nc6 13. Bb5 Rc8 {[%emt 0:00:00] [#]} 14. Ne4 $146 ({Predecessor:} 14. Nd5 f5 15. Na5 Bh6+ 16. Kb1 Kf8 17. Nb3 Kg7 18. Rhe1 Rhd8 19. Nc3 Rxd1+ 20. Nxd1 {0-1 (56) Harikrishna,P (2758)-Giri,A (2769) Shenzhen 2017}) 14... Ke7 15. c3 a6 16. Be2 Bh6+ 17. Kb1 Rcd8 18. Nbc5 Bc8 19. g4 Be3 20. Bc4 Rxd1+ 21. Rxd1 h5 22. h3 Na5 23. Bd5 f5 24. gxf5 Bxf5 25. Nd3 f6 26. Re1 Rd8 27. c4 Bd4 28. b4 Nc6 29. Kc1 h4 30. f4 Bxh3 31. fxe5 Nxe5 32. Nf4 Bc8 33. Kc2 h3 34. Nh5 Nf3 35. Rf1 Nh2 36. Re1 Bf5 37. Nhg3 Bg6 38. Rh1 Ng4 39. Bxb7 h2 40. Kb3 f5 41. Nc3 Be5 42. Nge2 Rd3 43. Rd1 Rh3 44. Rf1 Ne3 45. Re1 Bf7 46. Ka4 Bxc4 $19 47. Bh1 Bxe2 48. Nxe2 Nc2 0-1

[Event "World Junior U20 Open 2018"]
[Site "Gebze"]
[Date "2018.09.13"]
[Round "9.41"]
[White "Nikolovski, Nikola"]
[Black "Agdelen, Huseyin Can"]
[Result "1/2-1/2"]
[ECO "B97"]
[WhiteElo "2388"]
[BlackElo "2280"]
[Annotator "NA"]
[PlyCount "60"]
[EventDate "2018.09.05"]
[EventType "swiss"]
[EventCountry "TUR"]
[SourceTitle "playchess.com"]
[Source "ChessBase"]
[SourceQuality "1"]
[TimeControl "40/5400+30:1800+30"]

1. e4 c5 2. Nf3 d6 3. d4 cxd4 4. Nxd4 Nf6 5. Nc3 a6 6. Bg5 e6 7. f4 h6 8. Bh4 Qb6 9. Qd2 Qxb2 10. Rb1 Qa3 11. e5 dxe5 {[%emt 0:00:00] B97: Sicilian Najdorf: Poisoned Pawn} 12. fxe5 Nfd7 13. Ne4 Qxa2 14. Rd1 Qd5 15. Qe3 Qxe5 16. Be2 Bc5 17. Bg3 Qd5 18. c4 Bxd4 19. Rxd4 {[%emt 0:00:30] [#]} Qa5+ $146 20. Rd2 $1 O-O 21. Bd6 f5 22. Bxf8 Nxf8 ({Not} 22... Kxf8 23. Nd6 $18) 23. Nd6 Nbd7 24. g4 fxg4 25. Bxg4 Qa1+ $11 26. Rd1 Qa5+ 27. Rd2 Qa1+ 28. Rd1 Qa5+ 29. Rd2 Qa1+ 30. Rd1 Qa5+ 1/2-1/2

[Event "World Junior U20 Open 2018"]
[Site "Gebze"]
[Date "2018.09.13"]
[Round "9.42"]
[White "Suleymenov, Alisher"]
[Black "Agmanov, Zhandos"]
[Result "1/2-1/2"]
[ECO "E08"]
[WhiteElo "2307"]
[BlackElo "2379"]
[Annotator "NA"]
[PlyCount "91"]
[EventDate "2018.09.05"]
[EventType "swiss"]
[EventCountry "TUR"]
[SourceTitle "playchess.com"]
[Source "ChessBase"]
[SourceQuality "1"]
[TimeControl "40/5400+30:1800+30"]

1. d4 Nf6 2. c4 e6 3. g3 d5 4. Nf3 Bb4+ 5. Bd2 Be7 6. Bg2 O-O 7. O-O c6 8. Qc2 Nbd7 9. Rd1 b6 10. Bf4 Ba6 {[%emt 0:01:30] E08: Closed Catalan: Main Line: 7 Qc2} (10... Bb7 11. Ne5 Rc8 12. Nc3 Nh5 13. Bc1 Nhf6 14. e4 Bb4 15. Bg5 Qc7 16. Nxd7 Nxd7 17. a3 Bxc3 18. Qxc3 dxc4 19. Bf4 Qd8 20. Bd6 {0-1 (76) Dominguez Perez,L (2739)-Caruana,F (2822) Saint Louis 2018}) 11. Ne5 Rc8 12. Nc3 Nh5 13. Bc1 Nhf6 {[%emt 0:00:30] LiveBook: 12 Games} 14. Bf4 b5 15. c5 {[%emt 0:46:30] [#]} Nxe5 $146 ({Predecessor:} 15... b4 16. Na4 Nxe5 17. Bxe5 Nd7 18. Bf4 Re8 19. a3 b3 20. Qxb3 Bxe2 {0-1 (70) Ernst,S (2530)-Kovalenko,I (2661) Moscow 2015}) 16. dxe5 Nd7 $1 17. b4 g5 18. Bc1 Nxe5 19. a4 bxa4 20. Rxa4 Bc4 21. Rxa7 Ra8 22. Rxa8 Qxa8 23. Bb2 Qb8 24. Na4 Nd7 25. Bc3 Bb5 26. Nb2 (26. e4 $1 $14) 26... Bf6 27. Bxf6 Nxf6 28. Qc3 Nd7 29. Nd3 Re8 30. Qd2 Qd8 31. Ra1 Qf6 32. Ra7 Rd8 33. h3 h6 34. e3 Qf5 35. Ne1 Ne5 36. Qd4 Nc4 37. g4 Qe5 38. Nf3 Qb8 39. Qf6 Qxa7 40. Qxd8+ Kg7 41. Nd4 Qa1+ 42. Kh2 $11 Qe1 43. Qe7 Qxf2 44. Nxe6+ Kh7 45. Nf4 gxf4 46. Qxf7+ 1/2-1/2

[Event "World Junior U20 Open 2018"]
[Site "Gebze"]
[Date "2018.09.13"]
[Round "9.43"]
[White "Miciano, John Marvin"]
[Black "Zhao, Chenxi"]
[Result "0-1"]
[ECO "B40"]
[WhiteElo "2374"]
[BlackElo "2275"]
[Annotator "ChessBase"]
[PlyCount "103"]
[EventDate "2018.09.05"]
[EventType "swiss"]
[EventCountry "TUR"]
[SourceTitle "playchess.com"]
[Source "ChessBase"]
[SourceQuality "1"]
[TimeControl "40/5400+30:1800+30"]

1. e4 c5 2. Nf3 e6 3. g3 Nc6 4. Bg2 Nf6 5. Qe2 d5 6. exd5 Nxd5 7. O-O Be7 8. Rd1 Bf6 9. Nc3 Ndb4 10. d3 Nd4 11. Nxd4 cxd4 12. Ne4 Be7 13. c3 Nc6 14. Nd2 Bf6 15. c4 O-O 16. Rb1 a5 17. b3 Re8 18. a3 Be7 19. f4 Bc5 20. Re1 Bd7 21. Qh5 Bf8 22. Ne4 f6 23. Bb2 Qb6 24. Nd2 Ne7 25. Qf3 Nc6 26. Kh1 Rad8 27. Qf2 Bc8 28. Re2 Ne7 29. g4 Ng6 30. Rbe1 Qc7 31. Re4 Bc5 32. Bc1 Rf8 33. Nf1 Qb6 34. Nd2 Qd6 35. f5 exf5 36. gxf5 Ne5 37. Rxe5 fxe5 38. Bd5+ Be6 39. Be4 Rf6 40. Rg1 Qf8 41. Qg3 Bxf5 42. Bxf5 Rxf5 43. Ne4 Rf1 44. Kg2 Rxg1+ 45. Kxg1 Re8 46. Qg4 b6 47. a4 Qf7 48. Bg5 Rf8 49. h4 Be7 50. Bh6 Qg6 51. Bg5 Bxg5 52. hxg5 0-1

[Event "World Junior U20 Open 2018"]
[Site "Gebze"]
[Date "2018.09.13"]
[Round "9.44"]
[White "Baenziger, Fabian"]
[Black "Samani, Yamac"]
[Result "1-0"]
[ECO "E15"]
[WhiteElo "2360"]
[BlackElo "2226"]
[Annotator "NA"]
[PlyCount "73"]
[EventDate "2018.09.05"]
[EventType "swiss"]
[EventCountry "TUR"]
[SourceTitle "playchess.com"]
[Source "ChessBase"]
[SourceQuality "1"]
[TimeControl "40/5400+30:1800+30"]

1. d4 Nf6 2. c4 e6 3. Nf3 d5 4. g3 Bb4+ 5. Bd2 Be7 6. Bg2 O-O 7. O-O c6 8. Qc2 Nbd7 9. Bf4 b6 10. Rd1 Ba6 11. b3 Rc8 12. Nc3 {[%emt 0:01:30] E15: Queen's Indian: 4 g3 sidelines, 4 g3 Ba6 and 4 g3 Bb7 early deviations} Qe8 (12... Nh5 13. Bc1 f5 14. e3 Bd6 15. a4 Nhf6 16. Ne2 c5 17. Nf4 Qe7 18. cxd5 cxd4 19. Qb2 dxe3 20. Nxe6 exf2+ 21. Qxf2 {0-1 (35) Sarana,A (2613)-Jakovenko,D (2748) Satka 2018}) 13. e4 dxc4 14. Nd2 e5 15. dxe5 Ng4 {[%emt 0:00:30] LiveBook: 17 Games} 16. Bh3 h5 {[%emt 0:32:30] [#]} 17. Bxg4 $146 ({Predecessor:} 17. Nxc4 Bxc4 18. bxc4 Bc5 19. Bxg4 hxg4 {½-½ (32) Ftacnik,L (2553)-Gross,D (2491) Austria 2007}) 17... hxg4 18. Nf1 g5 $2 (18... Bb4 $17 19. Rac1 Nxe5 20. Bxe5 Qxe5) 19. Qe2 Bd8 20. e6 Qxe6 21. Rd6 Qe7 $11 22. e5 gxf4 23. Qxg4+ Qg5 24. Qxg5+ Bxg5 25. Rxd7 cxb3 26. axb3 Bxf1 27. Kxf1 Rce8 28. Ra4 Rxe5 29. gxf4 Rc5 30. Ne4 Rc1+ 31. Kg2 Bh6 32. f5 a5 33. Nf6+ Kg7 34. Nh5+ Kh7 35. Rg4 Kh8 36. Nf6 Bg7 37. Rd3 1-0

[Event "World Junior U20 Open 2018"]
[Site "Gebze"]
[Date "2018.09.13"]
[Round "9.45"]
[White "Murphy, Conor E"]
[Black "Nogerbek, Kazybek"]
[Result "1-0"]
[ECO "D20"]
[WhiteElo "2357"]
[BlackElo "2261"]
[Annotator "NA"]
[PlyCount "141"]
[EventDate "2018.09.05"]
[EventType "swiss"]
[EventCountry "TUR"]
[SourceTitle "playchess.com"]
[Source "ChessBase"]
[SourceQuality "1"]
[TimeControl "40/5400+30:1800+30"]

1. e4 e6 2. d4 d5 3. exd5 exd5 4. Nf3 Bd6 5. c4 dxc4 6. Bxc4 Nf6 7. O-O O-O 8. Nc3 Nc6 {[%emt 0:01:30] D20: Queen's Gambit Accepted: 3 e3 and 3 e4} 9. h3 Bf5 10. Bg5 h6 11. Bh4 g5 12. Bg3 Bxg3 13. fxg3 {[%emt 0:00:30] LiveBook: 4 Games} Ne4 14. g4 $146 ({Predecessor:} 14. Nxe4 Bxe4 15. Ne5 Nxe5 16. dxe5 {1-0 (34) Botvinnik,I (2369)-Golod,V (2570) Israel 2011}) 14... Bh7 15. Bd3 Nxc3 16. Bxh7+ Kxh7 17. bxc3 Kg8 18. Nd2 Qe7 19. Re1 Qd7 20. Ne4 f5 21. gxf5 Qxf5 22. Qb3+ Kh8 23. Qxb7 Ne7 24. Qxc7 Ng6 25. Qc5 Qf4 26. Qd6 Qxd6 27. Nxd6 Rab8 28. Rab1 Nf4 29. Rb3 a5 30. c4 a4 31. Rxb8 Rxb8 32. Nb5 Kg7 33. Re7+ Kf6 34. Ra7 Re8 35. Ra6+ Kg7 36. Rxa4 Re2 37. c5 Rxg2+ 38. Kf1 Rc2 39. Ra3 Nd5 40. Ke1 h5 41. Kd1 Rc4 42. Kd2 h4 43. Kd3 Rb4 44. Ke4 Ne7 45. Nd6 Kg6 46. Ra6 Kg7 47. c6 g4 48. c7 gxh3 49. Ra3 h2 50. Rh3 Rb2 51. Nf5+ Nxf5 52. Kxf5 Rc2 53. Ke6 Rxc7 54. Rxh2 Rc6+ 55. Ke7 Ra6 56. Rxh4 Ra7+ 57. Kd6 Ra6+ 58. Kd7 Ra7+ 59. Kc6 Kf6 60. Re4 Ra6+ 61. Kb5 Rxa2 62. d5 Kf7 63. d6 Rd2 64. Kc6 Rc2+ 65. Kb7 Rc3 66. d7 Rd3 67. Kc6 Rc3+ 68. Kd6 Rd3+ 69. Kc7 Rc3+ 70. Kd8 Rh3 71. Rc4 1-0

[Event "World Junior U20 Open 2018"]
[Site "Gebze"]
[Date "2018.09.13"]
[Round "9.46"]
[White "Krishna Teja, N."]
[Black "Silva, David"]
[Result "1-0"]
[ECO "E92"]
[WhiteElo "2356"]
[BlackElo "2223"]
[Annotator "NA"]
[PlyCount "97"]
[EventDate "2018.09.05"]
[EventType "swiss"]
[EventCountry "TUR"]
[SourceTitle "playchess.com"]
[Source "ChessBase"]
[SourceQuality "1"]
[TimeControl "40/5400+30:1800+30"]

1. d4 Nf6 2. c4 g6 3. Nc3 Bg7 4. e4 d6 5. Be2 O-O 6. Nf3 e5 7. d5 a5 8. Bg5 h6 9. Be3 Na6 {[%emt 0:01:30] E92: King's Indian: Classical: 6 Be2 e5: 7 dxe5, 7 Be3 and Petrosian System without 7...Nbd7} (9... Ng4 10. Bd2 f5 11. h3 Nf6 12. exf5 gxf5 13. g3 Na6 14. Qc1 Kh7 15. Nh4 Nc5 16. Be3 Nfe4 17. Nxe4 Nxe4 {½-½ (42) Korobov,A (2678)-Kovalev,V (2650) Poikovsky 2018}) 10. Nd2 Nc5 11. g4 Nh7 12. Nb3 $146 ({Predecessor:} 12. Rg1 Ng5 13. Rg3 f5 14. gxf5 gxf5 15. exf5 Kh8 16. h4 Nh7 {0-1 (76) Fant,G (2066)-Jensen,T Copenhagen 1999}) 12... Nxb3 13. axb3 f5 14. gxf5 gxf5 15. exf5 Bxf5 16. Bg4 Qh4 17. Bxf5 Rxf5 18. Qc2 (18. h3 $14) 18... Rf7 19. Ne4 ({White should try} 19. O-O-O $11) 19... Nf6 20. Nxf6+ Rxf6 21. O-O-O a4 22. bxa4 b5 $1 23. b3 bxa4 24. bxa4 Rb8 25. Rd3 c6 26. dxc6 Qe4 27. Rhd1 Qxc6 28. c5 dxc5 29. Rd8+ Rf8 30. Qc4+ Kh8 31. Rxf8+ Rxf8 32. Rd5 Ra8 33. Qe4 (33. Bxc5 $2 Bf8 $17) 33... Qe8 34. Rd7 Qxd7 35. Qxa8+ Kh7 36. Qe4+ Kh8 37. Kb2 Qd1 38. Bxc5 Qd2+ 39. Kb3 Qd1+ 40. Kb4 Qd2+ 41. Kc4 Qa5 42. Qc6 e4 43. Qe8+ Kh7 44. Qxe4+ Kh8 45. Qe8+ Kh7 46. Kd5 Qa6 $18 47. Qc6 Qd3+ 48. Ke6 Qc4+ 49. Kd7 1-0

[Event "World Junior U20 Open 2018"]
[Site "Gebze"]
[Date "2018.09.13"]
[Round "9.47"]
[White "Liyanage, Ranindu Dilshan"]
[Black "Bashirli, Nail"]
[Result "0-1"]
[ECO "B61"]
[WhiteElo "1989"]
[BlackElo "2354"]
[Annotator "NA"]
[PlyCount "68"]
[EventDate "2018.09.05"]
[EventType "swiss"]
[EventCountry "TUR"]
[SourceTitle "playchess.com"]
[Source "ChessBase"]
[SourceQuality "1"]
[TimeControl "40/5400+30:1800+30"]

1. e4 c5 2. Nf3 d6 3. d4 cxd4 4. Nxd4 Nf6 5. Nc3 Nc6 6. Bg5 Bd7 7. Qd2 Rc8 8. O-O-O Nxd4 9. Qxd4 Qa5 10. f4 h6 11. Bxf6 gxf6 12. Bc4 Qc5 {[%emt 0:13:30] B61: Sicilian: Richter-Rauzer: 6...Bd7 7 Qd2} 13. Bb3 {[%emt 0:05:30] [#]} Rg8 $146 ({Predecessor:} 13... Qxd4 14. Rxd4 Rc5 15. Nd5 h5 16. c3 h4 17. Ba4 b5 18. Bc2 Bg7 19. Re1 e6 20. Nb4 {1-0 (39) Kovalev,V (2598)-Atabayev,M (2512) Budapest 2017}) 14. e5 $2 (14. Qd2 $16 {and life is bright.}) 14... Qxd4 ({Of course not} 14... Rxg2 $6 15. Qe4 $14) 15. Rxd4 fxe5 16. fxe5 Rxg2 17. Rf1 Bg7 18. Bxf7+ Kd8 19. Bd5 (19. Rb4 $15) 19... Rg5 ({Much weaker is} 19... dxe5 $6 20. Rd3 $11) ({Of course not} 19... Bxe5 $6 20. Rb4 $11) 20. Rb4 Rxe5 21. Rg1 Rg5 22. Rxg5 hxg5 23. Rxb7 Bd4 24. Nb5 Be3+ 25. Kb1 Bf5 26. Na3 g4 27. Rb4 Bc5 28. Rf4 e6 29. Bb3 Bg1 30. Nc4 Bxh2 31. Rf2 g3 32. Rd2 d5 33. Ne3 Be4 $19 34. Ng2 Ke7 0-1

[Event "World Junior U20 Open 2018"]
[Site "Gebze"]
[Date "2018.09.13"]
[Round "9.48"]
[White "Kalogeris, Ioannis"]
[Black "Ozsakallioglu, Okan"]
[Result "1-0"]
[ECO "B45"]
[WhiteElo "2352"]
[BlackElo "1955"]
[Annotator "NA"]
[PlyCount "31"]
[EventDate "2018.09.05"]
[EventType "swiss"]
[EventCountry "TUR"]
[SourceTitle "playchess.com"]
[Source "ChessBase"]
[SourceQuality "1"]
[TimeControl "40/5400+30:1800+30"]

1. e4 c5 2. Nf3 e6 3. d4 cxd4 4. Nxd4 Nc6 5. Nc3 Nf6 6. a3 d5 7. exd5 exd5 8. Be2 Bd6 9. Bg5 O-O 10. O-O Qe7 (10... Be5 $11 11. Nf3 Bxc3 12. bxc3 Re8) 11. Nxd5 Bxh2+ 12. Kh1 Qd6 13. Bxf6 $16 gxf6 14. Nb5 Qb8 15. f4 Bg3 16. Nxf6+ 1-0

[Event "World Junior U20 Open 2018"]
[Site "Gebze"]
[Date "2018.09.13"]
[Round "9.49"]
[White "Kamer, Kayra"]
[Black "Murzin, Volodar"]
[Result "1/2-1/2"]
[ECO "B90"]
[WhiteElo "2205"]
[BlackElo "2349"]
[Annotator "NA"]
[PlyCount "70"]
[EventDate "2018.09.05"]
[EventType "swiss"]
[EventCountry "TUR"]
[SourceTitle "playchess.com"]
[Source "ChessBase"]
[SourceQuality "1"]
[TimeControl "40/5400+30:1800+30"]

1. e4 c5 2. Nf3 d6 3. d4 cxd4 4. Nxd4 Nf6 5. Nc3 a6 6. Be3 e5 7. Nf3 Be7 8. Bc4 O-O 9. O-O Be6 10. Qe2 {[%emt 0:00:00] B90: Sicilian Najdorf: Unusual White 6th moves, 6 Be3 Ng4 and 6 Be3 e5} (10. Bb3 Qc7 11. Nh4 g6 12. Nf3 Re8 13. Ng5 Bc4 14. Re1 Nbd7 15. a4 Qc6 16. Bxc4 Qxc4 17. a5 Qc6 18. Qd3 Rac8 {½-½ (48) Sjugirov,S (2652)-Wojtaszek,R (2738) Batumi 2018}) 10... Bxc4 11. Qxc4 b5 12. Qd3 Nbd7 13. b4 Qc7 14. a4 Rfc8 $146 ({Predecessor:} 14... d5 15. Nxd5 Nxd5 16. Qxd5 Bxb4 17. axb5 {½-½ (72) Bjerke,R (2180)-Fivelstad,J (1929) Reykjavik 2015}) 15. Bd2 Rab8 16. axb5 axb5 17. Rfc1 Qc4 18. Ra5 Bd8 19. Ra6 Qxb4 20. Rb1 Qc4 21. Qxd6 b4 22. Ra4 {[%emt 0:02:30] [#]} Rb6 $2 ({But not} 22... bxc3 $2 23. Rxb8 Qc5 24. Qxc5 $18) (22... Nc5 $1 $19 23. Raa1 Rb6 24. Nxe5 Qe6 25. Qxe6 Rxe6) 23. Rbxb4 Qxb4 24. Qxb4 Rxb4 25. Rxb4 Ba5 26. Rb3 h6 27. Nd5 Nxd5 28. Bxa5 N5f6 29. Ne1 Nxe4 30. f3 Ng5 31. Rd3 Nb8 32. Rd8+ Rxd8 33. Bxd8 Ne6 34. Bb6 Kf8 35. Nd3 Ke7 $16 (35... Nd7 $11 36. Ba5 f6) 1/2-1/2

[Event "World Junior U20 Open 2018"]
[Site "Gebze"]
[Date "2018.09.13"]
[Round "9.53"]
[White "Secheres, Adrian-Simion"]
[Black "Gulbeyaz, Emir"]
[Result "1-0"]
[ECO "B06"]
[WhiteElo "2408"]
[BlackElo "2285"]
[Annotator "ChessBase"]
[PlyCount "83"]
[EventDate "2018.09.05"]
[EventType "swiss"]
[EventCountry "TUR"]
[SourceTitle "playchess.com"]
[Source "ChessBase"]
[SourceQuality "1"]
[TimeControl "40/5400+30:1800+30"]

1. e4 g6 2. d4 Bg7 3. Nc3 d6 4. Be3 a6 5. Qd2 b5 6. h4 h6 7. O-O-O Bb7 8. f3 Nd7 9. Nh3 Rc8 10. Kb1 c5 11. dxc5 Nxc5 12. Bd4 Nf6 13. Nd5 O-O 14. Nxf6+ exf6 15. Nf4 Ne6 16. Nxe6 fxe6 17. Be3 d5 18. exd5 Qxd5 19. Bd3 g5 20. Qb4 Qe5 21. Bd4 Qc7 22. hxg5 fxg5 23. Bxg7 Kxg7 24. Rxh6 Kxh6 25. Rh1+ Kg7 26. Rh7+ Kg8 27. Rxc7 Rxc7 28. Qd6 Rcf7 29. Qxe6 Bc8 30. Qh6 g4 31. Be4 gxf3 32. gxf3 Bb7 33. Qg6+ Rg7 34. Qe6+ Kh8 35. a3 Bxe4 36. fxe4 Rf1+ 37. Ka2 Re1 38. Qxa6 b4 39. Qc8+ Kh7 40. Qh3+ Kg8 41. Qb3+ Kh7 42. Qxb4 1-0

[Event "World Junior U20 Open 2018"]
[Site "Gebze"]
[Date "2018.09.13"]
[Round "9.54"]
[White "Huber, Martin Christian"]
[Black "Rodrigue-Lemieux, Shawn"]
[Result "1/2-1/2"]
[ECO "E06"]
[WhiteElo "2390"]
[BlackElo "2250"]
[Annotator "NA"]
[PlyCount "67"]
[EventDate "2018.09.05"]
[EventType "swiss"]
[EventCountry "TUR"]
[SourceTitle "playchess.com"]
[Source "ChessBase"]
[SourceQuality "1"]
[TimeControl "40/5400+30:1800+30"]

1. Nf3 d5 2. c4 e6 3. g3 Nf6 4. Bg2 Be7 5. d4 O-O 6. Qc2 a6 7. Bf4 dxc4 8. Qxc4 Nd5 {[%emt 0:00:30] E06: Katalanisch} 9. Nc3 b5 10. Qd3 Bb7 11. Nxd5 exd5 12. Rc1 Bd6 $146 ({Vorgänger:} 12... Bb4+ 13. Kf1 Bd6 14. Ng5 g6 15. h4 h5 16. Ne6 fxe6 17. Qxg6+ {1-0 (38) Ponomariov,R (2692)-Fidalgo Fernandez,J (2312) Linares 2017}) 13. O-O ({White should play} 13. Ng5 $16 g6 14. h4) 13... Nd7 14. Rc2 Qe7 15. Bxd6 Qxd6 16. Rfc1 c6 17. Bh3 Nb6 18. b3 Rfe8 19. Ne5 f6 20. Nf3 g6 21. e3 a5 22. Qc3 a4 23. Qc5 Qxc5 24. dxc5 Nc8 25. Nd4 Ne7 26. Be6+ Kg7 27. Bd7 Rh8 28. Bg4 $11 axb3 29. axb3 Ra3 30. Bf3 f5 31. Kf1 Kf6 32. Ke2 Rha8 33. Kd2 R3a5 34. Be2 1/2-1/2

[Event "World Junior U20 Open 2018"]
[Site "Gebze"]
[Date "2018.09.13"]
[Round "9.55"]
[White "Ozer, Omer Faruk"]
[Black "Yilmaz, Goktan"]
[Result "1-0"]
[ECO "B23"]
[WhiteElo "2388"]
[BlackElo "2237"]
[Annotator "NA"]
[PlyCount "129"]
[EventDate "2018.09.05"]
[EventType "swiss"]
[EventCountry "TUR"]
[SourceTitle "playchess.com"]
[Source "ChessBase"]
[SourceQuality "1"]
[TimeControl "40/5400+30:1800+30"]

1. e4 c5 2. Nc3 d6 3. d4 cxd4 {[%emt 0:01:00] B23: Closed Sicilian: Lines without g3} 4. Qxd4 Nf6 (4... Nc6 5. Qd2 Nf6 6. b3 e6 7. Bb2 a6 8. O-O-O b5 9. f3 h5 10. Nh3 Be7 11. Ng5 {1-0 (31) Carlsen,M (2843)-Wojtaszek,R (2744) Shamkir 2018}) 5. Qd2 g6 6. b3 Bg7 7. f3 Nc6 8. Bb2 O-O (8... d5 $5) 9. O-O-O Qa5 10. Kb1 Be6 11. Nge2 Rac8 $146 12. a3 Nd7 13. h4 b5 14. Nd5 Qxd2 15. Rxd2 Bxb2 16. Kxb2 Bxd5 17. exd5 Nce5 18. Nd4 a6 19. g3 ({White should try} 19. f4 $14 Ng4 20. Nc6) 19... Nb6 20. Bg2 Rc7 21. Re1 Rfc8 22. Rde2 Kf8 23. Bh3 Re8 24. Rd1 Ned7 25. Red2 Nf6 26. Ne2 Rc5 27. Nc3 Rc7 28. g4 Nfd7 29. g5 Kg7 30. f4 h6 31. gxh6+ Kxh6 32. Ne4 Nf6 33. Ng5 Kg7 34. Be6 Ne4 35. Nxe4 fxe6 36. Ng5 Kf6 37. Nxe6 Rcc8 38. Ng5 Rh8 39. Re1 Rxh4 40. Re6+ Kf5 41. Rxe7 Rxf4 42. Nf7 Kf6 43. Rb7 $2 (43. Rde2 $18 {is the precise move to win.} Nxd5 44. R2e6+ Kg7 45. Nxd6+ Nxe7 46. Rxe7+ Kf6 47. Nxc8) 43... Nxd5 44. Nxd6 Rc5 45. b4 Nxb4 46. Rf7+ Ke5 47. Re7+ Kf6 48. Rf7+ Ke5 49. Rxf4 Kxf4 50. axb4 Rc6 51. Nf7 g5 52. Rf2+ Kg3 53. Rf1 g4 54. Rg1+ Kf4 55. Rxg4+ Kf5 56. Rg5+ Kf4 57. Rc5 Rxc5 58. bxc5 Kf5 59. c6 Ke6 60. c4 b4 61. c5 Ke7 62. Kb3 a5 63. Nd6 Kd8 64. Nb7+ Kc7 65. Nxa5 1-0